 Dungeon Crawl Stone Soup version 0.22.0-40-g68aacdc (webtiles) character file.

6761 Lew the Fighter (level 10, -6/101 HPs)
             Began as a Minotaur Fighter on Sept 1, 2018.
             Was a High Priest of Okawaru.
             Mangled by a 19-headed hydra (8 damage)
             ... on level 11 of the Dungeon.
             The game lasted 00:17:27 (8643 turns).

Lew the Fighter (Minotaur Fighter)                  Turns: 8643, Time: 00:17:28

Health: -6/101     AC: 12    Str: 26    XL:     10   Next: 75%
Magic:  9/9        EV: 12    Int:  8    God:    Okawaru [*****.]
Gold:   149        SH: 11    Dex: 13    Spells: 9/9 levels left

rFire    . . .     SeeInvis .   b - +3 hand axe of the Foremost Songs {chaos, Str+5 Int+3}
rCold    . . .     Gourm    .   c - +1 shield
rNeg     . . .     Faith    +   x - +3 troll leather armour
rPois    .         Spirit   .   C - +2 hat {MR+}
rElec    .         Reflect  .   (no cloak)
rCorr    +         Harm     .   (no gloves)
MR       ++...                  w - +0 pair of boots
Stlth    +.........             r - amulet of faith
HPRegen  0.66/turn              E - ring of resist corrosion
MPRegen  0.11/turn              (no ring)

@: no status effects
A: retaliatory headbutt, horns 2, thin metallic scales 1, magic resistance 1,
mutation resistance 1
a: Heroism, Finesse, Renounce Religion


You were on level 11 of the Dungeon.
You worshipped Okawaru.
Okawaru was extremely pleased with you.
You were not hungry.

You visited 2 branches of the dungeon, and saw 12 of its levels.

You collected 639 gold pieces.
You spent 490 gold pieces at shops.

Inventory:

Hand Weapons
 a - a +2 war axe
 b - the +3 hand axe of the Foremost Songs (weapon) {chaos, Str+5 Int+3}
   (You bought it in a shop on level 8 of the Dungeon)

   Each time it hits an enemy it has a different, random effect.
   It affects your strength (+5).
   It affects your intelligence (+3).
Armour
 c - a +1 shield (worn)
 w - a +0 pair of boots (worn)
 x - a +3 troll leather armour (worn)
 C - a +2 hat of magic resistance (worn)
Jewellery
 r - an amulet of faith (around neck)
 s - an uncursed ring of fire
 A - an uncursed ring of ice
 E - a ring of resist corrosion (left hand)
Wands
 d - a wand of polymorph (14)
 h - a wand of random effects (25)
 k - a wand of disintegration (12)
 l - a wand of iceblast (8)
 q - a wand of flame (29)
 D - a wand of acid (16)
Scrolls
 g - 6 scrolls of fog
 j - 11 scrolls of teleportation
 m - a scroll of blinking
 o - 2 scrolls of amnesia
 p - 2 scrolls of fear
 u - a scroll of immolation
 v - 4 scrolls of remove curse
 y - a scroll of magic mapping
Potions
 e - 3 potions of mutation
 i - 2 potions of curing
 n - 2 potions of brilliance
 t - a potion of haste
 z - a potion of magic
Comestibles
 f - 18 rations


   Skills:
 + Level 13.3 Fighting
 + Level 13.0 Axes
 - Level 3.6 Armour
 - Level 5.3 Dodging
 - Level 3.6 Shields


You had 9 spell levels left.
You didn't know any spells.
Your spell library contained the following spells:

 Spells                   Type           Power        Failure   Level  Hunger
 Confusing Touch          Hex            #.....       91%         1    ##.....
 Confuse                  Hex            #.......     100%        3    ####...
 Gell's Gravitas          Tloc           #.........   100%        3    ####...
 Petrify                  Tmut/Erth      #.......     100%        4    #####..
 Metabolic Englaciation   Hex/Ice        #.........   100%        5    ######.
 Yara's Violent Unravell  Hex/Tmut       #.........   100%        5    ######.


Dungeon Overview and Level Annotations

Branches:
Dungeon (11/15)            Temple (1/1) D:7            Lair (0/6) D:8
    Orc (0/2) D:10

Altars:
Ashenzari
Cheibriados
Dithmenos
Elyvilon
Fedhas
Gozag
Hepliaklqana
Kikubaaqudgha
Makhleb
Nemelex Xobeh
Okawaru
Qazlal
Ru
Sif Muna
Trog
Uskayaw
Vehumet
Wu Jian
Xom
Yredelemnul
Zin
The Shining One

Shops:
D:8 **!

Annotations:
D:5 Eustachio


Innate Abilities, Weirdness & Mutations

You reflexively headbutt those who attack you in melee.
You have a pair of horns on your head.
You are partially covered in thin metallic scales. (AC +2)
You are resistant to hostile enchantments. (MR+)
You are somewhat resistant to further mutation.


Message History

You hit something. You headbutt something! You block something's attack. x2
Something bites you. Something bites you but does no damage.
Something bites you.
Something bites you but does no damage. x3
Something bites you!
* * * LOW HITPOINT WARNING * * *
Something bites you but does no damage. x2; Something bites you.
* * * LOW HITPOINT WARNING * * *
Something bites you.
* * * LOW HITPOINT WARNING * * *
Something bites you but does no damage. Something bites you.
* * * LOW HITPOINT WARNING * * *
Something bites you!
* * * LOW HITPOINT WARNING * * *
Something bites you.
* * * LOW HITPOINT WARNING * * *
Something bites you but does no damage.
You slash something! You freeze something. Something bites you.
* * * LOW HITPOINT WARNING * * *
Something bites you!
You die...

# #... ##.#####
#?.####
....<.)####.....
##.###)...#...#
#....)...#...# #
...###....#...#### ..
.
#...........#####.#.#
#.#.........#.......#
...####.....@{..#
#.#.# ##..##.#.##
.....# #......... ...
### #....Z...... ...
#####.###.### #.# .#
... .# ##.. #


You could see a centaur warrior skeleton.

Vanquished Creatures
  A two-headed ogre (D:9)
  A wizard (D:10)
  A troll (D:8)
  Grinder (D:6)
  Sigmund (D:5)
  A wyvern (D:8)
  A hungry ghost (D:8)
  Grum (D:10)
  Edmund (D:4)
  Menkaure (D:6)
  A water moccasin (D:10)
  8 orc warriors
  A sky beast (D:4)
  Duvessa (D:7)
  A phantom (D:10)
  An ice beast (D:7)
  3 wolves (D:10)
  4 centaurs
  6 ogres
  2 big kobolds
  3 bullfrogs
  Dowan (D:7)
  A water moccasin zombie (D:5)
  A scorpion (D:4)
  2 bullfrog zombies
  A centaur zombie (D:5)
  6 crimson imps
  A gnoll shaman (D:6)
  4 hounds
  A jelly (D:6)
  9 orc priests
  2 bullfrog skeletons
  9 orc wizards
  An iguana (D:10)
  9 worker ants
  A killer bee zombie (D:6)
  A hound skeleton (D:7)
  A worker ant zombie (D:5)
  6 gnolls
  12 adders
  A shadow imp (D:9)
  3 oozes
  An adder skeleton (D:5)
  2 adder zombies (D:9)
  A worm (D:3)
  3 dart slugs (D:1)
  4 leopard geckos
  40 orcs
  2 giant cockroaches
  7 hobgoblins
  9 jackals
  13 kobolds
  4 quokkas
  3 ball pythons
  10 bats
  9 frilled lizards
  10 goblins
  A leopard gecko skeleton (D:4)
  A leopard gecko zombie (D:5)
  6 rats
240 creatures vanquished.

Vanquished Creatures (others)
  An orc wizard (D:10)
1 creature vanquished.

Grand Total: 241 creatures vanquished

Notes
Turn   | Place    | Note
-------+----------+-------------------------------------------
     0 | D:1      | Lew the Minotaur Fighter began the quest for the Orb.
     0 | D:1      | Reached XP level 1. HP: 19/19 MP: 0/0
    45 | D:1      | Reached skill level 1 in Dodging
    45 | D:1      | Reached XP level 2. HP: 21/27 MP: 1/1
   420 | D:3      | Reached XP level 3. HP: 32/33 MP: 2/2
   600 | D:4      | Noticed an ogre
   641 | D:4      | Killed an ogre
   641 | D:4      | Reached XP level 4. HP: 10/41 MP: 3/3
   641 | D:4      | Reached XP level 5. HP: 12/47 MP: 4/4
   910 | D:4      | Noticed Edmund
   916 | D:5      | Entered Level 5 of the Dungeon
   918 | D:5      | Reached skill level 5 in Fighting
   972 | D:5      | Reached XP level 6. HP: 43/56 MP: 5/5
   989 | D:5      | You fall through a shaft!
  1020 | D:6      | Reached skill level 5 in Axes
  1098 | D:6      | Reached XP level 7. HP: 36/63 MP: 6/6
  1461 | D:6      | Noticed Menkaure
  1608 | D:5      | Noticed Sigmund
  1726 | D:5      | Killed Sigmund
  1726 | D:5      | Reached skill level 5 in Dodging
  2044 | D:5      | Noticed Eustachio
  2104 | D:4      | Killed Edmund
  2104 | D:4      | Reached XP level 8. HP: 42/74 MP: 7/7
  4776 | D:6      | Noticed Grinder
  4779 | D:6      | Paralysed by Grinder for 7 turns
  4788 | D:6      | Killed Grinder
  5253 | D:6      | Killed Menkaure
  5253 | D:6      | Reached XP level 9. HP: 29/85 MP: 8/8
  5515 | D:7      | Gained mutation: You are resistant to hostile enchantments. (MR+) [potion of mutation]
  5515 | D:7      | Gained mutation: You are partially covered in thin metallic scales. (AC +2) [potion of mutation]
  5515 | D:7      | Gained mutation: You are somewhat resistant to further mutation. [potion of mutation]
  5719 | D:7      | Found a staircase to the Ecumenical Temple.
  5760 | Temple   | Entered the Ecumenical Temple
  6022 | Temple   | Became a worshipper of Warmaster Okawaru
  6054 | D:7      | Noticed Duvessa
  6057 | D:7      | Noticed Dowan
  6063 | D:7      | Killed Duvessa
  6063 | D:7      | Reached skill level 10 in Fighting
  6064 | D:7      | Killed Dowan
  6388 | D:8      | Noticed a troll
  6391 | D:8      | Reached skill level 10 in Axes
  6401 | D:8      | Killed a troll
  6401 | D:8      | Reached * piety under Okawaru
  6634 | D:8      | Found Ypnie's Distillery.
  6642 | D:8      | Bought a potion of heal wounds for 65 gold pieces
  6642 | D:8      | Bought a potion of mutation for 104 gold pieces
  6728 | D:8      | Found Sules's Assorted Antiques.
  6736 | D:8      | Bought a translucent hand axe for 208 gold pieces
  6736 | D:8      | Bought a metallic coppery potion for 23 gold pieces
  6737 | D:8      | Identified the +3 hand axe of the Foremost Songs {chaos, Str+5 Int+3} (You bought it in a shop on level 8 of the Dungeon)
  6767 | D:8      | Found a shattered altar of Ashenzari.
  6913 | D:8      | Found Tekegh's General Store.
  6980 | D:8      | Found a staircase to the Lair.
  7304 | D:9      | Reached ** piety under Okawaru
  7625 | D:9      | Noticed a two-headed ogre
  7632 | D:9      | Killed a two-headed ogre
  7632 | D:9      | Reached *** piety under Okawaru
  7632 | D:9      | Reached XP level 10. HP: 97/97 MP: 9/9
  7682 | D:8      | Bought a scroll of enchant armour for 90 gold pieces
  7980 | D:10     | Entered Level 10 of the Dungeon
  7980 | D:10     | Noticed Grum
  7985 | D:10     | Killed Grum
  8007 | D:10     | Noticed a wizard
  8019 | D:10     | Killed a wizard
  8019 | D:10     | Reached **** piety under Okawaru
  8437 | D:10     | Found a staircase to the Orcish Mines.
  8547 | D:11     | Reached ***** piety under Okawaru
  8623 | D:11     | Noticed an eight-headed hydra
  8642 | D:11     | HP: 5/101 [something (1)]
  8643 | D:11     | HP: 2/101 [something (4)]
  8643 | D:11     | Mangled by a 19-headed hydra

Skill      XL: |  1  2  3  4  5  6  7  8  9 10 |
---------------+-------------------------------+-----
Dodging        | 1 2 3 4 5 |  5.3
Fighting       | 4 5 6 7 9 11 13 | 13.3
Axes           | 3 4 5 7 9 11 13 | 13.0
Armour         | |  3.6
Shields        | |  3.6

Action                   |  1- 3 |  4- 6 |  7- 9 | 10-12 || total
-------------------------+-------+-------+-------+-------++-------
Melee: War axe           |    42 |    37 |   306 |       ||   385
       Headbutt          |     9 |    15 |    67 |    26 ||   117
       Hand axe          |       |       |    67 |    97 ||   164
  Use: Potion            |     1 |       |     8 |     6 ||    15
       Scroll            |       |       |    23 |     3 ||    26
 Stab: Distracted        |       |       |     1 |     1 ||     2
       Confused          |       |       |     1 |       ||     1
       Paralysed         |       |       |     1 |       ||     1
       Sleeping          |       |       |     1 |       ||     1
       Petrified         |       |       |       |     1 ||     1
  Eat: Ration            |       |       |     4 |     1 ||     5
       Chunk             |       |       |    11 |       ||    11
Armor: Scale mail        |    15 |    12 |    89 |       ||   116
       Troll leather arm |       |       |    15 |    40 ||    55
Dodge: Dodged            |    11 |    14 |   132 |    47 ||   204
Block: Shield            |    19 |    15 |   168 |    61 ||   263
